Map: Hecate LE

Players

NoTricks

  • Race: Terran Terran
  • League: Master
  • Spawn Location: 7:00

NikoStyle - Winner!

  • Race: Protoss Protoss
  • League: Master
  • Spawn Location: 1:00

VOD

Have the link to the VOD?

Description

Time

  • Played on: Dec. 7, 2023, 4:04 p.m.
  • Length: 16:16
Show
View Real Time Build Order
Export as new Build Order

NoTricks Terran 

Build Orders: Reaper Expand 

Get SALT Encoding   

  12  0:00  SCV  
  13  0:12  SCV  
  14  0:17  Supply Depot  
  14  0:24  SCV  
  15  0:38  SCV  
  15  0:41  Barracks  
  16  0:45  Refinery  
  16  0:50  SCV  
  17  1:03  SCV  
  18  1:15  SCV  
  19  1:29  Orbital Command, Reaper  
  20  1:49  Command Center  
  20  1:54  Supply Depot  
  20  1:55  SCV  
  20  2:00  Marine  
  22  2:07  SCV  
  23  2:09  Factory  
  23  2:19  SCV  
  23  2:20  Bunker  
  25  2:23  Barracks Reactor  
  25  2:29  Refinery  
  24  2:31  SCV  
  25  2:43  SCV  
  26  2:54  Hellion  
  26  2:55  SCV  
  29  3:00  Marine x2  
  29  3:01  Starport  
  29  3:02  Orbital Command  
  31  3:07  SCV  
  32  3:16  Widow Mine  
  35  3:20  SCV  
  35  3:23  Supply Depot  
  35  3:25  Marine  
  36  3:30  SCV  
  36  3:32  SCV  
  38  3:40  Cyclone  
  40  3:41  Medivac  
  40  3:42  SCV  
  40  3:44  SCV  
  40  3:47  Supply Depot  
  44  3:54  SCV  
  43  4:02  Marine x2  
  45  4:03  SCV  
  45  4:06  SCV  
  47  4:13  Viking  
  47  4:14  Cyclone  
  47  4:15  SCV  
  52  4:18  Engineering Bay  
  52  4:19  SCV  
  52  4:24  Barracks  
  53  4:28  Marine x2  
  53  4:31  Barracks, SCV  
  56  4:33  SCV  
  56  4:36  Supply Depot  
  57  4:43  SCV  
  58  4:45  Refinery  
  58  4:48  Factory Tech Lab  
  58  4:49  Starport Tech Lab  
  58  4:50  Supply Depot  
  58  4:54  SCV  
  58  4:55  Terran Infantry Weapons Level 1  
  58  4:57  Supply Depot  
  58  4:58  Missile Turret  
  59  5:00  SCV  
  59  5:02  Missile Turret  
  60  5:13  SCV x2  
  62  5:15  Supply Depot  
  62  5:18  Starport Reactor  
  62  5:21  Factory Reactor  
  62  5:25  SCV  
  61  5:30  Marine x3  
  61  5:36  SCV  
  57  5:47  Marine  
  57  5:49  Marauder  
  56  5:50  Stimpack  
  56  5:51  SCV x2  
  56  5:55  Refinery  
  56  5:56  Command Center  
  58  5:57  Medivac x2  
  58  5:58  Combat Shield, Marine  
  58  5:59  Supply Depot  
  58  6:00  Widow Mine x2  
  58  6:02  Supply Depot  
  58  6:03  SCV  
  58  6:04  Marine, SCV  
  69  6:05  Marine  
  69  6:10  Marine  
  74  6:18  Marauder  
  74  6:22  SCV  
  75  6:26  Supply Depot  
  75  6:27  Widow Mine x2  
  75  6:29  Viking x2, Barracks  
  75  6:31  Barracks  
  83  6:34  Marine  
  83  6:39  Marine  
  85  6:45  Armory, SCV, Engineering Bay  
  86  6:47  SCV  
  86  6:49  Widow Mine  
  86  6:50  Widow Mine  
  86  6:53  Supply Depot  
  91  6:57  Marine x2  
  91  6:58  Marine  
  91  6:59  SCV  
  95  7:05  Viking, Medivac  
  95  7:08  SCV  
  100  7:14  Marauder  
  100  7:15  Marine x2, Widow Mine  
  104  7:16  Marauder  
  104  7:18  Supply Depot  
  104  7:19  SCV  
  104  7:20  Barracks Tech Lab  
  109  7:23  Barracks Reactor  
  109  7:28  Terran Infantry Armor Level 1  
  109  7:31  SCV  
  109  7:32  Terran Infantry Weapons Level 2  
  110  7:37  Orbital Command  
  110  7:38  SCV  
  111  7:48  Marauder, Marine x2  
  111  7:49  Widow Mine, Medivac, Marauder  
  120  8:04  Marauder, Marine x2  
  120  8:05  Widow Mine  
  119  8:06  Marine  
  119  8:10  Marauder x2  
  110  8:15  SCV x2  
  110  8:16  SCV  
  107  8:21  Marine  
  107  8:22  Widow Mine, Medivac, Marine, Ghost Academy  
  107  8:24  Supply Depot  
  107  8:26  Marauder  
  113  8:27  SCV x2  
  113  8:28  SCV  
  113  8:33  Refinery  
  116  8:35  Refinery  
  116  8:38  Supply Depot  
  116  8:39  SCV x2  
  116  8:40  Terran Ship Weapons Level 1, SCV  
  119  8:41  Supply Depot  
  119  8:46  Marine  
  119  8:47  Marine x6  
  119  8:48  Widow Mine  
  128  8:51  SCV x2  
  128  9:01  Command Center  
  128  9:04  Supply Depot  
  128  9:05  Supply Depot  
  128  9:06  Bunker  
  129  9:10  SCV  
  129  9:12  Marauder x2, Marine x3  
  138  9:20  Barracks x2  
  138  9:22  Barracks  
  136  9:29  Viking x2  
  131  9:34  Terran Infantry Armor Level 2  
  131  9:35  SCV  
  131  9:38  Factory Reactor, Starport  
  130  9:47  Ghost x2  
  130  9:48  Marine x3  
  137  9:56  Terran Infantry Weapons Level 3, SCV  
  138  10:02  Missile Turret  
  107  10:32  Barracks Tech Lab  
  107  10:33  Barracks Tech Lab x2  
  103  10:39  SCV x2  
  105  10:44  Terran Ship Weapons Level 2  
  105  10:46  Ghost x2  
  105  10:47  Marine x4  
  105  10:48  Marauder  
  105  10:49  Viking x2, Widow Mine x2  
  123  10:51  Missile Turret  
  123  10:58  SCV  
  123  11:00  Personal Cloaking  
  123  11:01  SCV  
  125  11:05  Marine  
  125  11:08  Fusion Core  
  125  11:09  Marauder  
  125  11:10  Sensor Tower, Supply Depot  
  130  11:11  Marauder x2  
  130  11:17  Planetary Fortress, SCV  
  133  11:22  Medivac x2  
  137  11:29  SCV  
  137  11:32  Refinery  
  138  11:34  Refinery  
  138  11:37  Ghost x2  
  138  11:38  Marine x4  
  138  11:39  Medivac, Widow Mine  
  150  11:41  SCV  
  151  11:51  Ghost  
  151  11:52  Marine x3  
  156  11:58  Concussive Shells  
  156  12:07  Command Center  
  156  12:08  Caduceus Reactor  
  156  12:10  Ghost x2  
  156  12:11  Marine x3  
  156  12:12  Viking, Command Center, Widow Mine x2  
  169  12:27  Terran Infantry Armor Level 3  
  169  12:37  Missile Turret  
  142  12:54  Ghost x2, Marine  
  147  13:03  Terran Ship Weapons Level 3  
  147  13:04  Neosteel Armor  
  147  13:07  Marine x6  
  124  13:23  Marauder, Marine  
  107  13:39  Marauder x3, Marine x3  
  107  13:40  Marine, Marauder x2  
  119  13:44  Marauder  
  106  13:59  Marine  
  106  14:00  Ghost x2  
  106  14:01  Viking x2, Liberator x2, Marauder x3, Widow Mine  
  129  14:07  Advanced Ballistics  
  129  14:08  Ghost, Marine  
  129  14:09  Marine  
  133  14:21  Ghost  
  133  14:22  Marauder x2, Marine x2  
  141  14:26  Marine x2  
  141  14:28  SCV  
  141  14:29  Missile Turret, Marine x2  
  141  14:31  Missile Turret  
  146  14:32  Refinery  
  146  14:33  Refinery  
  146  14:37  Marine  
  147  14:40  Marine x2, SCV  
  147  14:43  Planetary Fortress, Marine x2  
  147  14:44  Hi-Sec Auto Tracking, Marine x2  
  152  14:46  Ghost x2  
  152  14:49  Liberator, Medivac  
  152  14:50  Marine, Medivac  
  152  14:52  SCV  
  165  14:53  Medivac  
  165  14:54  Marine  
  165  14:58  Marine  
  150  15:09  Marauder x2, Marine  
  150  15:10  Marauder  
  154  15:19  Viking, Medivac  
  154  15:21  Marauder x2  
  147  15:30  Starport  
  147  15:33  Marine  
  147  15:34  Marauder  
  106  15:54  Marine  
Show
View Real Time Build Order
Export as new Build Order

NikoStyle Protoss - Winner!

Build Orders: 1 Gate Expand, Oracle Opening, Phoenix Opening 

Get SALT Encoding   

  12  0:00  Probe  
  13  0:12  Probe  
  14  0:18  Pylon  
  14  0:26  Probe (Chrono Boost)  
  15  0:38  Gateway, Probe (Chrono Boost)  
  16  0:44  Probe (Chrono Boost)  
  16  0:46  Assimilator  
  17  0:52  Probe  
  18  1:04  Probe  
  19  1:16  Probe  
  20  1:23  Nexus  
  20  1:33  Cybernetics Core  
  20  1:37  Probe  
  21  1:41  Assimilator  
  21  1:48  Pylon  
  21  1:54  Probe  
  22  2:07  Adept (Chrono Boost), Probe  
  25  2:21  Stargate  
  25  2:22  Probe  
  26  2:30  Warp Gate  
  26  2:36  Adept  
  28  2:37  Probe  
  28  2:39  Probe  
  30  2:54  Probe  
  30  2:55  Probe  
  32  3:03  Oracle (Chrono Boost)  
  32  3:04  Gateway  
  32  3:07  Probe (Chrono Boost)  
  32  3:08  Probe (Chrono Boost)  
  37  3:19  Probe (Chrono Boost)  
  39  3:20  Probe (Chrono Boost)  
  39  3:21  Pylon  
  39  3:26  Probe x2 (Chrono Boost)  
  41  3:33  Probe x2  
  43  3:36  Phoenix  
  45  3:45  Probe x2  
  47  3:57  Probe x2  
  47  4:01  Twilight Council  
  47  4:08  Forge, Pylon  
  47  4:09  Probe  
  45  4:10  Nexus  
  45  4:13  Phoenix (Chrono Boost)  
  47  4:18  Probe  
  48  4:24  Probe, Pylon  
  48  4:28  Stalker  
  48  4:29  Stalker  
  54  4:38  Probe x2  
  54  4:40  Assimilator, Phoenix (Chrono Boost)  
  57  4:47  Pylon  
  57  4:50  Probe x2  
  59  4:57  Gateway  
  59  4:58  Gateway  
  59  5:02  Probe  
  59  5:03  Phoenix (Chrono Boost)  
  59  5:07  Adept  
  63  5:09  Adept  
  63  5:12  Probe  
  66  5:14  Probe  
  67  5:28  Stalker  
  63  5:29  Phoenix  
  63  5:38  Charge (Chrono Boost), Stalker  
  59  5:54  Protoss Ground Weapons Level 1 (Chrono Boost), Probe x2  
  59  5:55  Probe  
  59  5:56  Gateway  
  62  5:57  Forge  
  62  6:03  Assimilator  
  62  6:06  Probe x2  
  62  6:07  Probe  
  65  6:14  Shield Battery  
  65  6:18  Gateway x2, Probe x2  
  65  6:19  Pylon  
  65  6:20  Phoenix  
  65  6:24  Pylon  
  65  6:25  Pylon, Probe  
  70  6:29  Zealot x4  
  70  6:32  Protoss Ground Armor Level 1 (Chrono Boost)  
  78  6:36  Probe x2  
  80  6:42  Probe  
  80  6:45  Phoenix (Chrono Boost)  
  83  6:48  Robotics Facility, Probe  
  83  6:52  Zealot x3  
  90  6:55  Probe  
  90  6:56  Probe  
  90  7:00  Probe  
  93  7:07  Phoenix (Chrono Boost)  
  93  7:08  Probe x2  
  95  7:09  Pylon  
  95  7:14  Assimilator  
  97  7:16  Assimilator, Pylon  
  97  7:18  Nexus  
  97  7:28  Zealot x5  
  103  7:36  Observer  
  104  7:45  Photon Cannon  
  103  7:58  Zealot x6  
  107  8:09  Zealot  
  107  8:12  Photon Cannon  
  91  8:16  Probe x2  
  91  8:18  Photon Cannon  
  91  8:19  Observer (Chrono Boost)  
  88  8:22  Protoss Ground Armor Level 2 (Chrono Boost)  
  88  8:25  Templar Archives  
  84  8:29  Probe x2  
  84  8:30  Probe  
  84  8:31  Protoss Ground Weapons Level 2 (Chrono Boost), Zealot x2  
  91  8:38  Phoenix (Chrono Boost)  
  93  8:41  Probe  
  93  8:42  Probe x3  
  93  8:43  Photon Cannon  
  93  8:46  Shield Battery  
  97  8:52  Psionic Storm  
  97  8:54  Probe  
  98  8:57  Zealot  
  98  8:58  Zealot x6  
  112  9:13  Pylon  
  112  9:14  Pylon  
  110  9:18  High Templar x3  
  110  9:19  High Templar  
  118  9:24  Archon  
  118  9:25  Archon  
  118  9:27  Zealot  
  118  9:28  Zealot  
  118  9:30  Phoenix (Chrono Boost)  
  118  9:46  Phoenix  
  118  9:52  Gateway  
  120  9:53  Gateway x3  
  120  9:54  Robotics Facility  
  120  9:56  Gateway  
  120  9:57  Shield Battery  
  120  9:59  Photon Cannon  
  120  10:00  Zealot x3  
  122  10:11  Phoenix  
  112  10:22  Zealot x5  
  109  10:35  Protoss Ground Armor Level 3 (Chrono Boost)  
  109  10:39  Robotics Bay, Protoss Ground Weapons Level 3 (Chrono Boost)  
  109  10:47  High Templar x2, Assimilator  
  109  10:48  High Templar x4, Assimilator  
  109  10:49  Immortal x2 (Chrono Boost)  
  121  10:54  Probe  
  121  10:55  Probe x2  
  132  11:01  Archon x3  
  132  11:02  Observer  
  132  11:13  Probe x3  
  132  11:17  Probe  
  137  11:25  Probe  
  137  11:26  Zealot x9  
  155  11:49  Photon Cannon  
  155  11:50  Pylon  
  155  11:53  Extended Thermal Lance  
  155  11:54  Pylon x2  
  155  11:55  Pylon  
  153  12:01  Zealot  
  153  12:04  Colossus (Chrono Boost)  
  161  12:09  Colossus (Chrono Boost)  
  167  12:19  Pylon  
  167  12:21  Robotics Facility  
  167  12:22  Photon Cannon, Pylon  
  167  12:28  Blink (Chrono Boost)  
  167  12:35  Zealot x11  
  177  12:50  Colossus (Chrono Boost)  
  160  13:00  Zealot x5  
  160  13:01  Zealot x3  
  176  13:11  Nexus  
  148  13:27  Colossus (Chrono Boost)  
  148  13:37  Colossus (Chrono Boost)  
  128  13:51  Stalker x10  
  128  13:52  Stalker  
  144  14:01  Disruptor (Chrono Boost)  
  148  14:09  Observer, Shield Battery  
  148  14:10  Photon Cannon  
  150  14:19  Warp Prism (Chrono Boost)  
  150  14:20  High Templar x3  
  150  14:21  High Templar x8  
  172  14:24  Archon  
  172  14:25  Archon x4  
  172  14:35  Assimilator  
  172  14:37  Assimilator, Pylon  
  156  15:11  Stalker x2  
  156  15:12  Stalker x2  
  156  15:13  Zealot x3  
  156  15:14  Zealot x4  
  166  15:37  Zealot x2  
  166  15:38  Zealot x9  
  166  15:41  Disruptor x3 (Chrono Boost)  
  174  16:06  Stalker x2  
  174  16:07  Stalker  
Tags
 
Add a new tag
Caveats
  • Supply blocks, unpowered buildings, or Contaminate may cause inaccurate times.
  • Supply counts are checked every 10 seconds.